 Dungeon Crawl Stone Soup version 0.31-a0-188-g5e087ee2ca (webtiles) character file.

Game seed: 11437355400351770926

106 qw the Skirmisher (level 4, -10/25 HPs)
             Began as a Deep Elf Hunter on June 23, 2023.
             Mangled by a gnoll
             ... wielding a +0 flail
              (11 damage)
             ... on level 2 of the Dungeon.
             The game lasted 00:00:32 (1496 turns).

qw the Skirmisher (Deep Elf Hunter)                 Turns: 1496, Time: 00:00:33

Health: -10/25     AC:  9    Str: 10    XL:     4   Next: 55%
Magic:  6/6        EV: 11    Int: 14    God:
Gold:   58         SH:  0    Dex: 18    Spells: 3/3 levels left

rFire   . . .        Y - +1 shortbow
rCold   . . .        (shield currently unavailable)
rNeg    . . .        e - +0 ring mail
rPois   .            j - +0 helmet
rElec   .            (no cloak)
rCorr   .            h - +2 pair of gloves
SInv    .            (no boots)
Will    .....        (no amulet)
Stlth   +            (no ring)
HPRegen 0.24/turn    (no ring)
MPRegen 0.10/turn

%: no passive effects
@: no status effects
A: no striking features
a: no special abilities


You were on level 2 of the Dungeon.
You visited 1 branch of the dungeon, and saw 2 of its levels.

You collected 58 gold pieces.


   Skills:
 - Level 1.5 Fighting
 + Level 8.0 Ranged Weapons
 - Level 2.4 Dodging
 - Level 1.2 Stealth


You had 3 spell levels left.
You didn't know any spells.
Your spell library was empty.

Inventory:

Hand Weapons
 Y - a +1 shortbow (weapon)
Armour
 e - a +0 ring mail (worn)
 h - a +2 pair of gloves (worn)
 j - a +0 helmet (worn)
Scrolls
 a - a scroll of identify {unknown}
Potions
 b - a potion of ambrosia {unknown}
 c - a potion of haste {unknown}

Dungeon Overview and Level Annotations

Branches:
Dungeon (2/15)

Altars:


Message History

You shoot an arrow. The arrow hits the gnoll!
The gnoll is severely wounded.
You shoot an arrow. The arrow barely misses the gnoll.
The arrow closely misses the gnoll.
You shoot an arrow. The arrow hits the gnoll!
The gnoll is severely wounded.
The gnoll hits you with a +0 club.
You shoot an arrow. The arrow hits the gnoll.
The gnoll is almost dead.
The gnoll hits you with a +0 club.
You shoot an arrow. The arrow closely misses the gnoll.
The gnoll misses you. The gnoll closely misses you.
You shoot an arrow. The arrow closely misses the gnoll.
The gnoll barely misses you. The gnoll hits you with a +0 club.
You shoot an arrow. The arrow hits the gnoll.
You kill the gnoll!
The gnoll hits you with a +0 whip.
You shoot an arrow. The arrow hits the gnoll!
You kill the gnoll!
The gnoll hits you but does no damage. The gnoll hits you with a +0 flail.
The gnoll hits you with a +0 whip.
You shoot an arrow.
The arrow hits the gnoll but does no damage.
The gnoll closely misses you. The gnoll hits you with a +0 flail!
You shoot an arrow. The arrow hits the gnoll!
The gnoll is almost dead.
The gnoll closely misses you. x2
You shoot an arrow. The arrow barely misses the gnoll.
The gnoll hits you but does no damage. The gnoll barely misses you.
You shoot an arrow. The arrow hits the gnoll!
You kill the gnoll!
The gnoll barely misses you.
Your Ranged Weapons skill increases to level 8!
You shoot an arrow. The arrow hits the gnoll.
The gnoll is moderately wounded.
The gnoll hits you with a +0 flail.
You shoot an arrow. The arrow hits the gnoll.
The gnoll is severely wounded.
The gnoll hits you with a +0 flail!
You die...

#. #..#.#.......##..#
#.##.##(#.......##...
#.......#.......##..#
#.......#.......##..#
#.##.#%##......[##. .
#....#.########### ##
#..###.# .
#..###.##### #
#..:@)......
##.##g.####. #..
....# ####..#.... ..#
##. ... .... ####


You could see a gnoll.

Vanquished Creatures
  Jessica (D:2)
  An adder (D:2)
  3 gnolls (D:2)
  A worm (D:2)
  A dart slug (D:1)
  3 bats
  3 endoplasms (D:2)
  3 giant cockroaches
  5 goblins (D:1)
  5 hobgoblins (D:1)
  3 jackals (D:2)
  A quokka (D:1)
  3 frilled lizards
  3 kobolds
36 creatures vanquished.

Notes
Turn   | Place    | Note
-------+----------+-------------------------------------------
     0 | D:1      | qw the Deep Elf Hunter began the quest for the Orb.
     0 | D:1      | Reached XP level 1. HP: 12/12 MP: 3/3
     0 | D:1      | 0 ||| qw: Version: 0.3-a-9-g12657ce
     0 | D:1      | 0 ||| qw: Game counter: 3439
     0 | D:1      | 0 ||| qw: Always use a shield: true
     0 | D:1      | 0 ||| qw: God list: Okawaru
     0 | D:1      | 0 ||| qw: Allow faded altars: false
     0 | D:1      | 0 ||| qw: Do Orc after D:15 true
     0 | D:1      | 0 ||| qw: Do second Lair branch before Depths: true
     0 | D:1      | 0 ||| qw: Lair rune preference: random
     0 | D:1      | 0 ||| qw: Plans: Normal
     0 | D:1      | 0 ||| PLANNING D:1-11
   231 | D:1      | Reached XP level 2. HP: 16/16 MP: 4/4
   264 | D:1      | Reached skill level 6 in Ranged Weapons
   286 | D:1      | You fall into a shaft and drop 1 floor!
   287 | D:2      | 287 ||| READING scroll labelled OTIONK FIGOCH.
   288 | D:2      | 288 ||| READING scroll labelled ISMOBESMENK.
   293 | D:2      | 293 ||| DROPPING scroll of butterflies.
   523 | D:1      | 523 ||| FLEEEEING.
   943 | D:1      | 943 ||| UPGRADING to +0 scale mail.
   953 | D:1      | 953 ||| DROPPING +0 leather armour.
   954 | D:1      | 954 ||| UPGRADING to +0 ring mail.
   964 | D:1      | 964 ||| DROPPING +0 scale mail.
   965 | D:1      | 965 ||| UPGRADING to +0 pair of gloves.
   970 | D:1      | 970 ||| UPGRADING to +0 helmet.
   975 | D:1      | 975 ||| READING scroll of enchant armour.
   975 | D:1      | 975 ||| ENCHANTING +0 pair of gloves.
   976 | D:1      | 976 ||| READING scroll labelled ONYMAY IMPOAZA.
   977 | D:1      | 977 ||| READING scroll labelled GEUFOFF PIMAIFF.
   978 | D:1      | 978 ||| READING scroll labelled AXZYAG AHOPEETUP.
   979 | D:1      | 979 ||| READING scroll labelled JOZAPHORAC.
  1049 | D:2      | Reached XP level 3. HP: 12/20 MP: 5/5
  1135 | D:2      | Noticed Jessica
  1140 | D:2      | Killed Jessica
  1141 | D:2      | Reached skill level 7 in Ranged Weapons
  1241 | D:2      | Reached XP level 4. HP: 14/25 MP: 6/6
  1280 | D:2      | 1280 ||| FLEEEEING.
  1442 | D:2      | 1442 ||| READING scroll of enchant armour.
  1442 | D:2      | 1442 ||| ENCHANTING +1 pair of gloves.
  1491 | D:2      | HP: 2/25 [gnoll/+0 flail (10)]
  1495 | D:2      | Reached skill level 8 in Ranged Weapons
  1496 | D:2      | Mangled by a gnoll

Levels and vault maps discovered:
D:1:      eino_arrival_water_cross, layout_basic, serial_forest,
          infiniplex_forest_straight_5, infiniplex_forest_clump_small,
          infiniplex_forest_zigzag_2, infiniplex_forest_clump_curved,
          infiniplex_forest_clump_medium, infiniplex_forest_clump_curved,
          infiniplex_forest_clump_C, roderic_lattice_a
D:2:      layout_loops_cross, shapermc_ecumenical_altar_rom_forum,
          minmay_fractal_squares_gapless_5, uniq_jessica, uniq_robin

Skill      XL: |  1  2  3  4 |
---------------+-------------+-----
Ranged Weapons | 6 7 8 |  8.0
Fighting       | |  1.5
Dodging        | |  2.4
Stealth        | |  1.2

Action                     |  1- 3 |  4- 6 || total
---------------------------+-------+-------++-------
   Fire: Shortbow          |    90 |    18 ||   108
    Use: Scroll            |     7 |     1 ||     8
 Armour: Leather armour    |     2 |       ||     2
         Ring mail         |    15 |     2 ||    17
  Dodge: Dodged            |    38 |     8 ||    46

Table legend:
 A = Non-vault XP
 B = Vault XP
 C = Vault XP percentage of total XP
 D = Non-vault monster count
 E = Vault monster count
 F = Vault count percentage of total count
                 A         B        C        D         E       F
            +---------+---------+-------+---------+---------+-------
      Total |     115 |      37 |  24.3 |      35 |       1 |   2.8
            +---------+---------+-------+---------+---------+-------
        D:1 |      36 |       0 |   0.0 |      18 |       0 |   0.0
        D:2 |      79 |      37 |  31.9 |      17 |       1 |   5.6
            +---------+---------+-------+---------+---------+-------
